% Time on Ice - UTAH ICE BEARS
Lines # - Real PCT - Wanted PCT - Time Play
Normal Forward
1 - 33% - 36% - 15:15
2 - 31% - 31% - 14:23
3 - 29% - 23% - 13:27
4 - 7% - 10% - 3:18
Normal Defense
1 - 34% - 36% - 15:34
2 - 29% - 31% - 13:39
3 - 34% - 23% - 15:38
4 - 3% - 10% - 1:32
PP Forward
1 - 55% - 55% - 4:14
2 - 45% - 45% - 3:26
PP Defense
1 - 54% - 55% - 4:07
2 - 46% - 45% - 3:33
PK Forward
1 - 55% - 55% - 3:15
2 - 45% - 45% - 2:42
PK Defense
1 - 51% - 55% - 3:02
2 - 49% - 45% - 2:55
PK3 Forward
1 - 0% - 55%
2 - 0% - 45%
PK3 Defense
1 - 0% - 55%
2 - 0% - 45%
44 Forward
1 - 0% - 55%
2 - 0% - 45%
44 Defense
1 - 0% - 55%
2 - 0% - 45%
Last Minute Offensive  - 0:00
Last Minute Defensive  - 0:00
Total
Forward - 60:00
Defense - 60:00
% Time on Ice - REGINA FALCONS
Lines # - Real PCT - Wanted PCT - Time Play
Normal Forward
1 - 38% - 36% - 17:44
2 - 24% - 31% - 11:21
3 - 14% - 23% - 6:29
4 - 23% - 10% - 10:49
Normal Defense
1 - 36% - 36% - 16:51
2 - 32% - 31% - 14:38
3 - 27% - 23% - 12:37
4 - 5% - 10% - 2:17
PP Forward
1 - 48% - 55% - 2:52
2 - 52% - 45% - 3:05
PP Defense
1 - 58% - 55% - 3:26
2 - 42% - 45% - 2:31
PK Forward
1 - 74% - 55% - 5:42
2 - 26% - 45% - 1:58
PK Defense
1 - 55% - 55% - 4:11
2 - 45% - 45% - 3:29
PK3 Forward
1 - 0% - 55%
2 - 0% - 45%
PK3 Defense
1 - 0% - 55%
2 - 0% - 45%
44 Forward
1 - 0% - 55%
2 - 0% - 45%
44 Defense
1 - 0% - 55%
2 - 0% - 45%
Last Minute Offensive  - 0:00
Last Minute Defensive  - 0:00
Total
Forward - 60:00
Defense - 60:00
Play-by-Play 1st period 0:01 of 1st period - Evgeni Malkin wins face-off versus Filip Zadina in neutral zone. 0:17 of 1st period - Icing by Aaron Ekblad. 0:18 of 1st period - Matthew Beniers wins face-off versus Filip Zadina in REGINA FALCONS zone. 0:43 of 1st period - Shot by Lucas Raymond. 0:43 of 1st period - Stopped by Jordan Binnington without a rebound. 0:44 of 1st period - Ross Colton wins face-off versus Tyler Bozak in REGINA FALCONS zone. 1:04 of 1st period - Tyler Bozak is hit by Tucker Poolman and loses puck. 1:17 of 1st period - Shot by Tom Wilson. 1:17 of 1st period - Shot Blocked by Mark Pysyk. 1:19 of 1st period - Shot by Tom Wilson. 1:19 of 1st period - Goal by Tom Wilson - UTAH ICE BEARS : 0 - REGINA FALCONS : 1. 1:20 of 1st period - Nathan Smith wins face-off versus Evgeni Malkin in neutral zone. 1:22 of 1st period - Minor Penalty to MacKenzie Weegar for Slashing. 1:23 of 1st period - Blake Lizotte wins face-off versus Joel Armia in UTAH ICE BEARS zone. 1:42 of 1st period - Shot by David Pastrnak. 1:42 of 1st period - Shot Misses the Net. 1:44 of 1st period - Shot by David Pastrnak. 1:44 of 1st period - Shot Misses the Net. 1:46 of 1st period - Shot by David Pastrnak. 1:46 of 1st period - Shot Misses the Net. 1:48 of 1st period - Shot by Ivan Provorov. 1:48 of 1st period - Shot Misses the Net. 2:02 of 1st period - Shot by David Pastrnak. 2:02 of 1st period - Stopped by Thatcher Demko without a rebound. 2:03 of 1st period - Tyler Bozak wins face-off versus Nicholas Paul in UTAH ICE BEARS zone. 2:06 of 1st period - Shot by Chris Tierney. 2:06 of 1st period - Shot Blocked by T.J. Brodie. 2:08 of 1st period - Shot by Tyler Bozak. 2:08 of 1st period - Stopped by Thatcher Demko without a rebound. 2:09 of 1st period - Tyler Bozak wins face-off versus Nicholas Paul in UTAH ICE BEARS zone. 2:09 of 1st period - Tyler Bozak is hit by Tucker Poolman. 2:21 of 1st period - Shot by Chris Tierney. 2:21 of 1st period - Stopped by Thatcher Demko without a rebound. 2:22 of 1st period - Nicholas Paul wins face-off versus Tyler Bozak in UTAH ICE BEARS zone. 2:33 of 1st period - Shot by Ivan Provorov. 2:33 of 1st period - Shot Misses the Net. 2:35 of 1st period - Shot by Aaron Ekblad. 2:35 of 1st period - Stopped by Thatcher Demko with a rebound. 2:49 of 1st period - Shot by Tom Wilson. 2:49 of 1st period - Stopped by Thatcher Demko without a rebound. 2:50 of 1st period - Blake Lizotte wins face-off versus Joel Armia in UTAH ICE BEARS zone. 3:25 of 1st period - Minor Penalty to Alexander Barabanov for Roughing. 3:26 of 1st period - Nicholas Paul wins face-off versus Tom Wilson in UTAH ICE BEARS zone. 3:34 of 1st period - Icing by Ivan Provorov. 3:35 of 1st period - Tyler Bozak wins face-off versus Blake Lizotte in REGINA FALCONS zone. 3:51 of 1st period - Off-side. 3:52 of 1st period - Nicholas Paul wins face-off versus Joel Armia in neutral zone. 5:18 of 1st period - Shot by Aaron Ekblad. 5:18 of 1st period - Shot Blocked by Blake Lizotte. 5:20 of 1st period - Shot by Tom Wilson. 5:20 of 1st period - Shot Misses the Net. 5:22 of 1st period - Shot by Tom Wilson. 5:22 of 1st period - Stopped by Thatcher Demko without a rebound. 5:23 of 1st period - Blake Lizotte wins face-off versus Tyler Bozak in UTAH ICE BEARS zone. 5:46 of 1st period - Shot by Nathan Smith. 5:46 of 1st period - Shot Misses the Net. 5:58 of 1st period - Shot by Cole Smith. 5:58 of 1st period - Shot Misses the Net. 6:00 of 1st period - Shot by Ben Harpur. 6:00 of 1st period - Shot Misses the Net. 6:14 of 1st period - Shot by David Pastrnak. 6:14 of 1st period - Shot Blocked by Tucker Poolman. 6:37 of 1st period - Shot by David Pastrnak. 6:37 of 1st period - Stopped by Thatcher Demko without a rebound. 6:38 of 1st period - Kyle Okposo wins face-off versus Chris Tierney in UTAH ICE BEARS zone. 7:07 of 1st period - Evgeni Malkin is hit by Joel Edmundson and loses puck. 8:54 of 1st period - Off-side. 8:55 of 1st period - Filip Zadina wins face-off versus Lucas Raymond in neutral zone. 9:48 of 1st period - Icing by Alexander Barabanov. 9:49 of 1st period - Matthew Beniers wins face-off versus Nathan Smith in UTAH ICE BEARS zone. 10:19 of 1st period - Nathan Smith is hit by Tucker Poolman and loses puck. 10:23 of 1st period - Cole Smith is hit by Tucker Poolman and loses puck. 10:47 of 1st period - Aaron Ekblad is hit by Mark Pysyk and loses puck. 11:05 of 1st period - Icing by Mark Pysyk. 11:06 of 1st period - Tyler Bozak wins face-off versus Matthew Beniers in UTAH ICE BEARS zone. 11:55 of 1st period - Icing by Ben Harpur. 11:56 of 1st period - Tyler Bozak wins face-off versus Evgeni Malkin in REGINA FALCONS zone. 12:01 of 1st period - Shot by Evgeni Malkin. 12:01 of 1st period - Stopped by Jordan Binnington without a rebound. 12:02 of 1st period - Filip Zadina wins face-off versus Evgeni Malkin in REGINA FALCONS zone. 12:13 of 1st period - Icing by Andrew Mangiapane. 12:14 of 1st period - Evgeni Malkin wins face-off versus Filip Zadina in UTAH ICE BEARS zone. 12:14 of 1st period - Kyle Okposo is hit by Jonathan Drouin and loses puck. 12:29 of 1st period - Shot by Evgeni Malkin. 12:29 of 1st period - Stopped by Jordan Binnington without a rebound. 12:30 of 1st period - Ross Colton wins face-off versus Joel Armia in REGINA FALCONS zone. 13:37 of 1st period - Shot by Jonathan Drouin. 13:37 of 1st period - Stopped by Thatcher Demko without a rebound. 13:38 of 1st period - Nathan Smith wins face-off versus Evgeni Malkin in UTAH ICE BEARS zone. 13:46 of 1st period - Off-side. 13:47 of 1st period - Evgeni Malkin wins face-off versus Filip Zadina in neutral zone. 13:56 of 1st period - Shot by Kyle Okposo. 13:56 of 1st period - Stopped by Jordan Binnington without a rebound. 13:57 of 1st period - Evgeni Malkin wins face-off versus Filip Zadina in REGINA FALCONS zone. 14:02 of 1st period - Shot by Andrew Mangiapane. 14:02 of 1st period - Stopped by Jordan Binnington without a rebound. 14:03 of 1st period - Tyler Bozak wins face-off versus Evgeni Malkin in REGINA FALCONS zone. 14:03 of 1st period - Aaron Ekblad is hit by Andrew Mangiapane and loses puck. 14:46 of 1st period - Tom Wilson is hit by Andrew Peeke and loses puck. 14:59 of 1st period - Off-side. 15:00 of 1st period - Ross Colton wins face-off versus David Pastrnak in neutral zone. 15:02 of 1st period - Rudolfs Balcers is hit by Joel Edmundson and loses puck. 15:09 of 1st period - Shot by Rudolfs Balcers. 15:09 of 1st period - Shot Misses the Net. 15:20 of 1st period - MacKenzie Weegar is hit by Joel Edmundson and loses puck. 15:34 of 1st period - Icing by Joel Edmundson. 15:35 of 1st period - Matthew Beniers wins face-off versus Filip Zadina in REGINA FALCONS zone. 15:41 of 1st period - Matthew Beniers is hit by Joel Edmundson and loses puck. 16:23 of 1st period - Icing by Nathan Smith. 16:24 of 1st period - Evgeni Malkin wins face-off versus Nathan Smith in REGINA FALCONS zone. 16:24 of 1st period - Andrew Mangiapane is hit by Ben Harpur and loses puck. 16:25 of 1st period - Andrew Mangiapane from UTAH ICE BEARS is injured at 16:25 of 1st period (Sprained Right Finger). 16:26 of 1st period - Evgeni Malkin wins face-off versus Tyler Bozak in REGINA FALCONS zone. 16:30 of 1st period - Icing by Aaron Ekblad. 16:31 of 1st period - Tyler Bozak wins face-off versus Evgeni Malkin in REGINA FALCONS zone. 17:00 of 1st period - MacKenzie Weegar is hit by Tom Wilson and loses puck. 17:51 of 1st period - Nicholas Paul is hit by Joel Edmundson and loses puck. 19:02 of 1st period - Shot by Lucas Raymond. 19:02 of 1st period - Shot Blocked by Ivan Provorov. 19:08 of 1st period - Shot by Lucas Raymond. 19:08 of 1st period - Goal by Lucas Raymond - UTAH ICE BEARS : 1 - REGINA FALCONS : 1. 19:09 of 1st period - Blake Lizotte wins face-off versus Tyler Bozak in neutral zone. 19:24 of 1st period - Icing by Aaron Ekblad. 19:25 of 1st period - Tyler Bozak wins face-off versus Kyle Okposo in REGINA FALCONS zone. 19:50 of 1st period - Off-side. 19:51 of 1st period - Ross Colton wins face-off versus David Pastrnak in neutral zone. Goals for this period are 1 for UTAH ICE BEARS vs 1 for REGINA FALCONS. Shots for this period are 6 for UTAH ICE BEARS vs 9 for REGINA FALCONS. 2nd period 0:01 of 2nd period - Tyler Bozak wins face-off versus Casey Mittelstadt in neutral zone. 0:50 of 2nd period - Icing by T.J. Brodie. 0:51 of 2nd period - Evgeni Malkin wins face-off versus Filip Zadina in UTAH ICE BEARS zone. 1:05 of 2